[Event "Israeli Team-ch 2023"]
[Site "Petah Tikva"]
[Date "2023.02.03"]
[Round "5.23"]
[White "Mordechai, Hanan"]
[Black "Sokolovsky, Yahli"]
[Result "0-1"]
[ECO "C45"]
[WhiteElo "2353"]
[BlackElo "2431"]
[Annotator "TA"]
[PlyCount "161"]
[EventDate "2023.01.13"]
[EventCountry "ISR"]
[SourceTitle "playchess.com"]
[Source "ChessBase"]
[SourceQuality "1"]
[TimeControl "40/5400+30:1800+30"]

1. e4 e5 2. Nf3 Nc6 3. d4 exd4 4. Nxd4 Bc5 5. Nb3 Bb6 6. Nc3 Nf6 7. Qe2 {[%emt 0:00:48] The main line 7.Qe2 scores better than 7.Bg5. C45: Scotch Game.} a5 8. e5 O-O $1 9. exf6 {[%emt 0:24:01] The position is equal.} a4 $1 {[%emt 0:00:17] aiming for ...d5.} 10. Be3 {[%emt 0:06:11] [#]} Bxe3 $146 (10... axb3 $15 11. fxg7 (11. cxb3 Qxf6 12. Bxb6 cxb6 $15) 11... Re8 12. cxb3 Bxe3 13. fxe3 Nb4) ({Predecessor:} 10... axb3 11. fxg7 Re8 12. cxb3 d5 13. O-O-O d4 14. Qf3 Ra5 15. Na4 Ne5 16. Qf4 Ng6 {0-1 Serpik,I (2176)-Brown,M (2368) Southern California-ch 27th 2015 (2)}) 11. fxe3 $11 {[%emt 0:00:34] fxg7 is the strong threat.} (11. fxg7 {with more complications.} Re8 12. fxe3 axb3 13. Qf2) 11... axb3 12. cxb3 (12. fxg7 Kxg7 13. cxb3 (13. Qg4+ Kh8 $14) 13... Ne5 $14) (12. Qf2 $11) 12... Qxf6 $15 ({Don't take} 12... gxf6 13. Qg4+ Kh8 14. Qh4 $14) 13. Qf3 Qg6 {[%emt 0:17:39] Hoping for ...Nb4.} 14. Be2 (14. Qg3 $11 {keeps the balance.}) 14... Ne5 ({Black should play} 14... Qc2 $17 15. O-O Qxb2) 15. Qd5 (15. Qg3 {simplifies} Qxg3+ 16. hxg3 c6 17. Rh4) 15... Qg5 16. Ne4 Qh4+ (16... Qxe3 $2 17. Qxe5 Kh8 18. Qc5 Qxc5 19. Nxc5 $18) 17. g3 Qe7 18. O-O d6 19. Nc3 Bd7 20. e4 Bh3 21. Rf2 Rab8 (21... Be6 {feels hotter.} 22. Qxb7 Rfb8 23. Nd5 Rxb7 24. Nxe7+ Kf8) 22. Qd2 Be6 23. Rc1 Ra8 24. Bd1 h6 {[%emt 0:01:23] Black is more active.} 25. a3 c6 {[%emt 0:01:50] Inhibits Nd5.} 26. b4 Nc4 27. Qf4 (27. Qd4 $15) 27... f5 $1 $19 {[%emt 0:01:47] Strongly threatening ...fxe4.} 28. Bb3 fxe4 {[%emt 0:00:17][%mdl 64] Deflection} 29. Qxe4 (29. Qh4 {keeps fighting.} Qxh4 30. gxh4) 29... Rxf2 30. Kxf2 d5 31. Qe2 {[%emt 0:00:08] [#]} Qf6+ $1 32. Kg2 {[%emt 0:00:36] [#]} Nd6 (32... Bg4 $1 $19 {[%cal Rg4e2] has better winning chances.} 33. Qf2 Qxf2+ 34. Kxf2 Nxb2) 33. Rf1 Qe7 34. Kg1 Re8 35. Re1 Qf6 36. Qf2 Qd8 37. Qf4 Bf7 (37... Rf8 $17 38. Qd4 Bh3) 38. Rxe8+ $15 Nxe8 39. Ne2 Qe7 40. Kf2 Nd6 41. Bc2 Nc4 42. Nd4 Bh5 {[%emt 0:12:06] White must now prevent ...g5.} ({But not} 42... Nxb2 $6 43. Qb8+ Be8 44. Nf5 $15) 43. Bf5 Nxb2 44. Qb8+ Be8 $1 45. Kg2 Nc4 46. Bg6 Nd6 (46... Kf8 {looks sharper.} 47. a4 Qe5 48. Qd8 Nd6) 47. a4 Kf8 (47... Qe5 {simplifies} 48. b5 Qxd4 49. Qxd6 Bxg6 50. Qxg6 cxb5 51. Qe6+ Kh7) 48. h4 Qe5 49. Nf3 (49. h5 $11 {remains equal.}) 49... Qe2+ $17 50. Kg1 Ke7 {[%emt 0:00:44] Really sharp!} 51. Bxe8 Qxf3 52. Qc7+ Kxe8 53. Qxd6 {[%emt 0:00:02][%mdl 4096] Endgame KQ-KQ} Qe3+ 54. Kh2 Qe2+ 55. Kg1 Qe7 56. Qb8+ Kf7 57. Qf4+ Kg8 58. a5 (58. Qg4 $142) 58... Qd7 ({Black should try} 58... c5 $17 59. Qf5 cxb4 60. Qc8+ Qf8 61. Qxb7 Qc5+ 62. Kf1 Qxa5 63. Qc8+ Kf7 64. Qf5+ Kg8 65. Qc8+ Kf7 66. Qf5+ Ke8 67. Qe6+ Kf8 68. Qf5+ Ke8 69. Qg6+ Kf8 70. Qf5+ Ke7 71. Qe5+ Kf8 72. Qf5+) 59. Qd4 (59. Kf2 $15) 59... Qe6 60. Qb6 Qe7 ({Better is} 60... Qe1+ $17 61. Kh2 Qe7) 61. a6 $2 {[%emt 0:02:07][%mdl 8192] White does not recover from this.} (61. h5 $1 $15) 61... Qe1+ $19 62. Kh2 Qe2+ 63. Kg1 Qxa6 64. Qe3 Qa1+ 65. Kh2 Qb2+ 66. Kh3 Qf6 {[%emt 0:00:58] Repels Qe6+} (66... Qxb4 $2 {is the wrong capture.} 67. Qe6+ Kf8 68. Qf5+ Ke7 69. Qe5+ Kf8 70. Qf5+ Ke7 71. Qe5+ Kf8 72. Qf5+ $19) 67. Qe8+ Qf8 68. Qd7 (68. Qe2 $142 Qf5+ 69. g4) 68... Qf7 69. Qd6 Kh7 (69... Qf1+ $142 70. Kh2 Qe2+ 71. Kg1 Qe3+ 72. Kf1 d4) 70. Kg2 Qf5 71. Qc5 {[%emt 0:01:09] Wards off Qc2+} Qe4+ 72. Kh3 (72. Kf2 $19) 72... d4 73. h5 Qd5 (73... d3 $142 74. Qf2 Qh1+ 75. Kg4 Qd5 76. Qb2 d2 77. Qb1+ Kh8 78. Qd1 Qe6+ 79. Kf4 Qe1 80. Qg4 Qf1+ 81. Ke4 d1=Q 82. Qxd1 Qxd1 83. Ke5 Qg4 84. Kd6 Qxb4+ 85. Kd7 c5 86. Ke6 c4 87. g4 c3 88. g5 c2 89. gxh6 c1=Q 90. hxg7+ Kxg7 91. h6+ Qxh6+ 92. Ke5 Qf6+ 93. Kd5 Qf5#) 74. Kg4 Qd7+ (74... Qxc5 $142 75. bxc5 g6) 75. Kf3 d3 {[%emt 0:00:27][%cal Bd4d3,Bd3d2][%mdl 32] And now ...Kg8 would win.} 76. g4 $2 (76. Ke3 $19) 76... d2 77. Qc2+ Kh8 78. Qd1 Qd3+ 79. Kf4 Kg8 80. b5 cxb5 81. Ke5 {[%emt 0:00:36] Weighted Error Value: White=0.20 (precise) /Black=0.16 (very precise)} 0-1

[Event "Israeli Team-ch 2023"]
[Site "Petah Tikva"]
[Date "2023.02.03"]
[Round "5.26"]
[White "Kantsler, Boris"]
[Black "Gorodetzky, David"]
[Result "0-1"]
[ECO "A31"]
[WhiteElo "2407"]
[BlackElo "2492"]
[Annotator "TA"]
[PlyCount "160"]
[EventDate "2023.01.13"]
[EventCountry "ISR"]
[SourceTitle "playchess.com"]
[Source "ChessBase"]
[SourceQuality "1"]
[TimeControl "40/5400+30:1800+30"]

1. Nf3 Nf6 2. d4 c5 3. c4 cxd4 4. Nxd4 e5 5. Nb5 d5 6. cxd5 Bc5 7. N5c3 O-O 8. e3 Bf5 9. Be2 Nbd7 {[%emt 0:05:16] A31: Symmetrical English: 2 Nf3 Nf6 3 d4.} 10. Nd2 Bb4 11. O-O Bxc3 {[%emt 0:01:44][%mdl 64] Remove Defender. The position is equal.} 12. bxc3 Nxd5 13. Bb2 {[%emt 0:07:26] aiming for e4.} N5b6 (13... Qb6 {looks sharper.} 14. Nb3 Qg6 15. Bh5 Qg5) 14. a4 Nc5 15. a5 Nba4 {[%emt 0:02:22][%mdl 64] Discovered Attack. A dynamic duo of knights.} 16. Nc4 (16. Nb3 $15) 16... Nxb2 $17 17. Nxb2 {[%emt 0:01:19] [#]} Qg5 $146 {[%emt 0:05:16] Hoping for ...Rad8. Black is more active.} ({Predecessor:} 17... Qc7 18. Bc4 Rad8 19. Bd5 Nd3 20. e4 Nxb2 21. Qb3 Rxd5 22. exd5 Nc4 23. Qb4 Bd3 24. Rfd1 e4 25. f3 f5 26. Ra4 Qe5 27. d6 exf3 28. gxf3 Qe3+ {0-1 Salokangas,H-Ornstein,A (2455) Helsinki We SKF op 1986}) 18. Qd6 {[%emt 0:09:04][%csl LRc5,LRe5] [#]} Bh3 $1 19. Bf3 {[%emt 0:02:45] [#]} (19. Qd5 Rfd8) 19... Rac8 ({And not} 19... e4 20. Qg3 Qxg3 21. hxg3 $15) (19... Nb3 $1 $17 20. Rad1 Rad8) 20. Nd3 $1 $15 e4 21. Qf4 Qxf4 22. Nxf4 exf3 23. Nxh3 fxg2 (23... Nb3 $5 24. Ra2 Rfd8 $11) 24. Kxg2 (24. Rfb1 {is more complex.} Rc6 25. Nf4 Rd8 26. Rb2) 24... Rfd8 25. Rfd1 Kf8 (25... Nb3 $5 26. Rxd8+ Rxd8 $15) 26. Nf4 Nb3 27. Rxd8+ Rxd8 {[%emt 0:00:02][%mdl 4096] Endgame KRN-KRN} 28. Ra3 Nc5 29. Ra2 Ke7 30. Kf3 Rd1 31. h4 Kd6 32. h5 Kc6 33. c4 Nd7 34. Ke4 Rh1 35. Kf3 (35. Kd4 $142) 35... Rc1 ({Better is} 35... Ne5+ $17 36. Kg2 Rd1) 36. Ne2 $1 Rxc4 37. Nd4+ Kc5 38. Rb2 b6 39. Rb5+ Kd6 40. axb6 axb6 41. Rb1 Rc5 42. Rg1 g6 43. hxg6 hxg6 44. Rb1 Kc7 45. Nb5+ Kc6 46. Nd4+ Kb7 47. Kg3 Nf6 48. Kf3 {[%emt 0:00:00] Wards off Ne4} Re5 49. Kf4 Rd5 50. Kf3 Rh5 51. Rb2 Ne8 52. Rb1 Nc7 53. Ke4 Rc5 54. Rh1 Nd5 55. Rh8 Nf6+ 56. Kd3 Rc8 57. Rh4 Rc7 58. Rh8 Rd7 59. Rh1 Ng4 60. Ke2 Ne5 61. Rb1 Nc6 62. Nb5 Nd8 63. f4 Ne6 64. Rb2 Kc6 65. Rb1 Rd5 66. Na7+ Kb7 67. Nb5 f5 68. Nc3 Rd6 69. Nb5 Rd5 70. Nc3 Rc5 71. Kd3 Rc6 72. Rb2 Rd6+ 73. Kc4 Nc7 74. e4 ({White should try} 74. Nb5 $15 Re6 75. Nxc7 Kxc7 76. Kd4) 74... Rc6+ (74... Ne6 $17 {White must now prevent ...Rd4+.} 75. exf5 Rd4+ 76. Kb3 gxf5) 75. Kd3 {[%emt 0:00:29] [#]} Ne6 $1 76. exf5 Nxf4+ ({Much worse is} 76... gxf5 $6 77. Nd5 $11) 77. Ke3 $2 {[%emt 0:00:01][%mdl 8192] Now White is beyond hope.} (77. Kd4 $17) 77... Rxc3+ $19 {[%emt 0:00:24] Black is clearly winning.} 78. Kxf4 Rc4+ 79. Kg5 gxf5 80. Kxf5 Kc6 {[%emt 0:00:28] Weighted Error Value: White=0.10 (very precise) /Black=0.09 (flawless)} 0-1

[Event "Israeli Team-ch 2023"]
[Site "Petah Tikva"]
[Date "2023.02.03"]
[Round "5.27"]
[White "Globus, Or"]
[Black "Musyuk, Lior"]
[Result "1-0"]
[ECO "D35"]
[WhiteElo "2411"]
[BlackElo "2341"]
[Annotator "TA"]
[PlyCount "99"]
[EventDate "2023.01.13"]
[EventCountry "ISR"]
[SourceTitle "playchess.com"]
[Source "ChessBase"]
[SourceQuality "1"]
[TimeControl "40/5400+30:1800+30"]

1. d4 d5 2. c4 e6 3. Nc3 Nf6 4. cxd5 exd5 5. Bg5 c6 6. e3 Be7 7. Bd3 h6 8. Bh4 O-O 9. Nge2 {[%emt 0:06:08] D35: Queen's Gambit Declined: Exchange Variation.} Ne4 10. Bxe7 Qxe7 11. Bxe4 {[%emt 0:01:04] The position is equal.} dxe4 12. Qc2 {[%emt 0:02:28] 12.Ng3 is the modern continuation.} Bf5 13. O-O Re8 {[%emt 0:04:59] [#]} 14. Rfd1 $146 ({Predecessor:} 14. Rab1 Nd7 15. b4 Rac8 16. Qa4 a6 17. Qa5 Bh7 18. Na4 Nf6 19. Nb6 Rcd8 20. Qc5 {1-0 Milanovic,D (2502)-Osmanodja,F (2365) Pfalz op-A 8th 2017 (4)}) 14... Nd7 15. Ng3 Bg6 16. Rac1 Nf6 17. d5 cxd5 18. Nxd5 Nxd5 19. Rxd5 Rad8 20. Rcd1 Rxd5 21. Rxd5 Rd8 22. Rxd8+ Qxd8 $11 {[%emt 0:00:49][%mdl 4096] Endgame KQB-KQN} 23. h3 Qa5 24. a3 (24. Nxe4 Qxa2 25. f3 (25. Qc8+ Kh7 $17) 25... Kh7 $15) 24... Qe1+ 25. Nf1 Bf5 {[%emt 0:01:30] Prevents Qc8+.} 26. Qc7 {[%emt 0:04:45] Strongly threatening Qb8+.} Be6 27. Qxb7 {[%emt 0:09:34] Qa8+ is the strong threat.} Qc1 $1 28. b3 {[%emt 0:04:22] Prevents Bc4.} (28. Qxe4 $2 Bc4 29. Kh2 Qxf1 $19) 28... Qxa3 29. Qa8+ Kh7 $1 (29... Qf8 30. Qxa7 Bxb3 31. Ng3 $14) 30. Qxe4+ g6 31. Qa4 Qxb3 (31... Qxa4 {simplifies} 32. bxa4 Kg7 33. f4 a5) 32. Qxa7 Qd1 33. Qc7 {[%emt 0:02:08] Against Qc1} Bb3 34. f3 Qe1 35. e4 Qd1 36. Qc3 Bc2 {[%emt 0:02:00] White must now prevent ...Bd3.} 37. Qd2 {[%emt 0:00:16] Repels Bd3} Qb1 38. Kf2 Bd3 39. Ne3 h5 40. Nd5 h4 {[%emt 0:00:40] Black cannot hold the game after this.} (40... Qc2 $16 41. Qxc2 Bxc2) 41. Qf4 $1 $18 Qf1+ $2 (41... Kg8 42. Qxh4 Qf1+ 43. Kg3 Qe1+ 44. Kg4 f5+ 45. Kg5 Qxh4+ 46. Kxh4 fxe4 47. fxe4 Kg7) 42. Ke3 Kg8 43. Qxh4 (43. Qb8+ $142 Kg7 44. Qe5+ Kg8 45. Nf6+ Kg7 46. Nd5+ Kg8 47. Nf6+ Kg7 48. Nh5+ {[%mdl 64] Discovered Attack (Double check)} Kf8 49. Qb8+ Ke7 50. Qc7+ Ke8 51. Qb8+ Ke7 52. Qc7+ Ke8 53. Nf6+ Kf8 54. Nd7+ Ke8 55. Nf6+ Kf8 56. Qd8+ Kg7 57. Nd7 (57. Qxd3 Qg1+ 58. Ke2 Qxg2+ 59. Ke3 Qg1+ 60. Kf4 Qg3+ 61. Ke3 Qg1+ 62. Kf4 Qg3+ 63. Ke3 Qg1+ $11) 57... Qe1+ 58. Kxd3 Qb1+ 59. Kc4 Qc2+ 60. Kd4 Qd2+ 61. Ke5 Qb2+ 62. Kd6 Qb4+ 63. Kc6) 43... Bc4 44. Qd8+ $1 ({Don't take} 44. Nf6+ $6 Kg7 $16) 44... Kh7 $2 (44... Kg7 45. Qf6+ Kg8) 45. Nf6+ Kg7 {[%emt 0:00:33] [#]} 46. Ne8+ $1 ({Stronger than} 46. Kf4 Qc1+ 47. Kg4 Be6+ 48. Kh4 Qh6+ 49. Kg3 Qg5+ 50. Kf2 Qc5+ 51. Ke2 Qc2+ 52. Ke3 (52. Kf1 Bc4+ 53. Kg1 Qc1+ 54. Kf2 Qb2+ {[%mdl 64] Skewer, Double Attack} 55. Ke3 Qc3+ 56. Kf2 Qxf6 $17) 52... Qc3+ 53. Ke2 Bc4+ 54. Kf2 Qxf6 55. Qxf6+ Kxf6 $17) 46... Kh7 {[%emt 0:00:43] [#]} 47. Qf6 $1 Qe2+ $2 (47... Qe1+ 48. Kf4 Qc1+ 49. Kg3 Qh6) 48. Kf4 {[%emt 0:00:00][%csl Ge8][%cal Rf6g7] White is clearly winning.} Qd2+ 49. Kg3 Qh6 {[%emt 0:00:11] Inhibits Qg7+.} 50. Nd6 {[%emt 0:00:00][%csl LRc4,LRf7] Weighted Error Value: White=0.07 (flawless) /Black=0.25 (precise)} 1-0

[Event "Israeli Team-ch 2023"]
[Site "Petah Tikva"]
[Date "2023.02.03"]
[Round "5.28"]
[White "Kuprijanov, Anatoly"]
[Black "Levin, Guy"]
[Result "0-1"]
[ECO "D25"]
[WhiteElo "2270"]
[BlackElo "2391"]
[Annotator "TA"]
[PlyCount "64"]
[EventDate "2023.01.13"]
[EventCountry "ISR"]
[SourceTitle "playchess.com"]
[Source "ChessBase"]
[SourceQuality "1"]
[TimeControl "40/5400+30:1800+30"]

1. d4 d5 2. c4 dxc4 3. Nf3 Nf6 4. e3 b5 5. a4 b4 6. Bxc4 {[%emt 0:00:07] D25: Queen's Gambit Accepted: 4 e3: sidelines and 4...Bg4.} e6 7. O-O Be7 8. Nbd2 {[%emt 0:00:21][%cal Bb1d2,Bd2e4,Be4g5][%mdl 32] White has an edge.} Nbd7 9. Qe2 (9. Bb5 $14) 9... O-O 10. e4 Bb7 11. e5 Nd5 12. Ne4 c5 13. Bd3 (13. Nxc5 $11 Nxc5 14. dxc5) 13... cxd4 $15 14. Neg5 g6 {[%emt 0:05:10] [#]} 15. Qe4 $146 {[%emt 0:11:55] [#]} ({White should play} 15. Rd1) ({Predecessor:} 15. Ne4 Qb8 16. Bh6 Nxe5 17. Nxe5 Qxe5 18. f4 Qb8 19. Bxf8 Kxf8 20. g3 Qd8 21. Rfc1 {0-1 Potapov,A (2401)-Nabaty,T (2622) Pardubice op rapid 27th 2016 (3)}) 15... Nc5 $1 $17 16. Qh4 h5 (16... Nxd3 $2 17. Qxh7#) 17. Rd1 {[%emt 0:03:59] [#]} Ne3 $1 18. Bxe3 Bxf3 (18... dxe3 $19 19. Bxg6 fxg6 20. Rxd8 Raxd8 21. fxe3 (21. Qxb4 $2 exf2+ 22. Kh1 Bxg5 $19) 21... Ne4) 19. gxf3 $11 {[%emt 0:00:03] aiming for Bc4.} dxe3 20. Bxg6 $1 {[%emt 0:00:08][%mdl 64] Discovered Attack} fxg6 21. Rxd8 Raxd8 22. fxe3 (22. Qxb4 $2 e2 23. Qe1 Bxg5 24. Qxe2 Nd3 $19) 22... Rxf3 {[%emt 0:01:10] ...Rf5 is the strong threat.} (22... Rf5 $5 23. f4 $8 (23. Qxb4 $2 {loses.} Rxg5+ 24. Kh1 Nd3 $19) 23... Nd3 $11) 23. Qc4 $1 (23. Qxb4 $2 {perishes.} Bxg5 24. Rf1 Bxe3+ 25. Kg2 Rxf1 26. Kxf1 Rd2 $19) 23... Bxg5 24. Kg2 Rxe3 {[%emt 0:14:44] And now ...Rd2+ would win.} 25. Qxc5 Rd2+ 26. Kf1 $2 {[%emt 0:08:52][%mdl 8192] This move loses the game for White.} (26. Kh1 $11) 26... Rf3+ $19 ({And not} 26... Rxb2 27. Qc8+ Kf7 28. Kg1 Rxe5 29. Qc7+ Kf6 30. Qd8+ Kg7 31. Qc7+ Kf6 32. Qd8+ Kg7 33. Qc7+ Kf6 $11) 27. Ke1 Rxh2 28. Qc8+ Kg7 {[%emt 0:00:21] ( -> ...Bh4+)} 29. Qa6 Bh4+ 30. Kd1 Rff2 {[%emt 0:00:08] Black mates.} 31. Qxa7+ Kh6 32. Qe3+ Bg5 {[%emt 0:00:17] Magnificent play by Levin!   Weighted Error Value: White=0.66/Black=0.39} 0-1

[Event "Israeli Team-ch 2023"]
[Site "Petah Tikva"]
[Date "2023.02.03"]
[Round "5.30"]
[White "Rahmilevitz, Anton"]
[Black "Iliaguev, Nisim"]
[Result "0-1"]
[ECO "C00"]
[WhiteElo "2250"]
[BlackElo "2390"]
[Annotator "TA"]
[PlyCount "164"]
[EventDate "2023.01.13"]
[EventCountry "ISR"]
[SourceTitle "playchess.com"]
[Source "ChessBase"]
[SourceQuality "1"]
[TimeControl "40/5400+30:1800+30"]

1. e4 e6 2. d3 d5 3. Qe2 Nf6 4. Nf3 Be7 5. g3 c5 6. e5 {[%emt 0:01:40] C00: French: Unusual White 2nd moves.} Nfd7 7. Bg2 Nc6 8. O-O {[%emt 0:00:23] The position is equal.} Qc7 9. Re1 b5 {[%emt 0:01:33][%cal Bb7b5,Bb5b4][%mdl 32] [#]} 10. a4 $146 ({Predecessor:} 10. Bf4 a5 11. Nc3 Qb6 12. a4 b4 13. Nb5 h6 14. h4 Ba6 15. c4 bxc3 16. bxc3 Bxb5 17. axb5 Qxb5 {0-1 Knoll,H (2338)-Kummer,H (2290) AUT-ch Vienna 2018 (7)}) 10... b4 11. Bf4 a5 12. Nbd2 (12. c4 $11 dxc4 13. dxc4) 12... Ba6 (12... h6 $5 13. h4 Ba6 $15) 13. h4 h6 14. c4 bxc3 15. bxc3 Rb8 16. h5 (16. Nb1 $15) 16... O-O $17 17. g4 Rb2 18. Kh1 (18. Bg3 $17 {is a better defense.}) 18... Rfb8 $19 19. Rec1 Nf8 20. Qe3 Nh7 {[%emt 0:01:40] Black is more active.} 21. Ne1 (21. Bf1 $17) 21... Qd7 (21... Qd8 $1 $19 22. Kg1 d4 23. cxd4 Nxd4) 22. Qg3 Bg5 23. Bxg5 hxg5 24. Rd1 {[%emt 0:00:28] [#]} (24. Qe3 $1 $15) 24... Qc7 $1 25. c4 (25. Ndf3 $142) 25... Qxe5 (25... Nxe5 26. Nef3 f6 27. cxd5 $11) 26. cxd5 {[%emt 0:00:08] White is weak on the dark squares} exd5 27. Qxe5 Nxe5 28. Bxd5 Nxg4 (28... Nxd3 29. Nxd3 Bxd3 30. f3 $17) 29. Kg1 Nhf6 30. Bf3 Ne5 31. Rac1 Nxd3 (31... Nxf3+ $19 32. Ndxf3 g4) 32. Nxd3 $17 Bxd3 33. Rc3 (33. Nc4 $17 {was worth a try.} Bxc4 34. Rxc4) 33... Ba6 {[%emt 0:04:48] Strongly threatening ...g4.} 34. Ne4 Nxe4 35. Bxe4 R2b4 36. Bc2 Rg4+ 37. Kh2 c4 ({Not} 37... Be2 38. Rd5 $17) (37... Rc4 $19 {and Black stays clearly on top.} 38. Rxc4 Bxc4) 38. Rd5 Rh4+ 39. Kg3 Rxh5 40. Rxa5 Bc8 {[%emt 0:00:28] aiming for ...Rh3+.} 41. Rxc4 Be6 42. Rc6 Rh3+ 43. Kg2 {[%emt 0:00:00][%cal Oc6e6] Black must now prevent Rxe6!} g4 44. Rac5 Ra3 45. Ra6 {[%emt 0:00:00] [#]} (45. Re5 $15) 45... Kf8 (45... g6 $1 $17 {...Bc8 would be deadly.} 46. Rd6 Rb2 47. Bxg6 Raa2) 46. Ra7 $2 (46. Bf5 $1 $15) 46... g6 $19 47. a5 (47. Rac7 {keeps fighting.}) 47... Kg7 48. Be4 Rb2 49. Rc2 {[%emt 0:00:00] Repels Re2} Rb4 50. Bc6 Rb8 51. Rd2 Kf6 52. Bb7 Ra1 53. a6 $2 (53. f3 {was the only defense.}) 53... Rh8 54. Bc6 (54. f3 $142 Rah1 55. Rd4) 54... g5 {[%emt 0:00:52] Hoping for ...Rhh1.} 55. f3 gxf3+ (55... Rah1 $142 {( -> ...R8h2+)} 56. Rd6 Ke5 57. Rxe6+ fxe6) 56. Bxf3 Bc4 $2 (56... Ke5 $19 {And now ...g4 would win.} 57. Re2+ Kf4 58. Re4+ Kf5) 57. Be4 $2 (57. Rf2 $11 Ke5 58. Rc7 Bxa6 59. Rxf7) 57... Rxa6 $2 ({Inferior is} 57... Bxa6 58. Rf2+ (58. Bd3 Ra8 $15) 58... Ke6 59. Bf5+ Ke5 60. Bd3 $11) (57... Bf1+ 58. Kf3 Ra3+ 59. Kf2 Rh2+ 60. Ke1 Re3+ 61. Kxf1 Rxd2) 58. Rc7 Be6 59. Rf2+ Ke5 60. Re2 Kd6 61. Rcc2 Rh4 62. Rcd2+ Ke7 63. Rc2 Kf6 {[%emt 0:00:12][%cal Oh4e4] Threatens to win with ...Rxe4!} 64. Rf2+ Kg7 65. Bd3 $2 (65. Bf3) 65... Ra3 66. Bf5 Bd5+ {[%emt 0:00:22] Black mates.} 67. Kf1 Re3 68. Rh2 Rf3+ 69. Rhf2 Rh1+ 70. Ke2 Rxf2+ 71. Kxf2 {[%emt 0:00:00] KRB-KRB} Rh2+ 72. Kg3 Rxc2 73. Bxc2 {[%emt 0:00:00] KB-KB} Be6 74. Be4 f5 75. Bf3 Kf6 76. Bc6 Ke5 77. Kf2 f4 78. Bf3 g4 79. Be2 g3+ 80. Kg2 Kd4 81. Bf1 Ke3 82. Kg1 f3 {[%emt 0:00:25] Weighted Error Value: White=0.52/Black=0.40} 0-1

[Event "Israeli Team-ch 2023"]
[Site "Petah Tikva"]
[Date "2023.02.03"]
[Round "5.32"]
[White "Zanan, Evgeny"]
[Black "Tzidkiya, Yeshaayahu"]
[Result "1/2-1/2"]
[ECO "A40"]
[WhiteElo "2483"]
[BlackElo "2415"]
[Annotator "TA"]
[PlyCount "101"]
[EventDate "2023.01.13"]
[EventCountry "ISR"]
[SourceTitle "playchess.com"]
[Source "ChessBase"]
[SourceQuality "1"]
[TimeControl "40/5400+30:1800+30"]

1. e4 c5 2. Nf3 g6 3. c4 Bg7 4. d4 Qa5+ 5. Nc3 Nf6 6. Bd3 cxd4 7. Nxd4 Nc6 8. Nb3 {[%emt 0:02:20] A40: Unusual replies to 1 d4.} Qd8 9. O-O O-O 10. Re1 {[%emt 0:02:31] White is slightly better.} d6 {[%emt 0:00:15] [#]} 11. h3 $146 ({Predecessor:} 11. Bg5 a5 12. Rb1 b6 13. Bf1 h6 14. Bh4 Nd7 15. Nd5 g5 16. Bg3 a4 17. Nc1 {½-½ Suba,M (2502)-Damljanovic,B (2608) Granada op 2007 (7)}) 11... a5 12. a4 b6 13. Bf1 Bb7 14. Be3 Nd7 15. Nd4 Nc5 16. Ndb5 Nb4 17. Bg5 Rb8 18. Ra3 (18. Nd5 $5 Nc6 19. Rb1 $11) 18... Bc6 (18... f6 $5 19. Bh4 Rf7 $11) 19. Nd5 Rb7 (19... Bxb2 $2 20. Nxe7+ (20. Bxe7 Qd7 $16) 20... Kh8 21. Qd2 $18) 20. Qd2 f6 21. Bh4 Nba6 22. f4 Bh6 23. Qd1 (23. Nd4 {seems wilder.} Bxa4 24. Rxa4 Nxa4 25. Ne6) 23... e6 $2 (23... Bxd5 $1 $11 24. Qxd5+ e6) 24. Nxf6+ $1 $18 Rxf6 25. e5 {[%emt 0:00:12][%mdl 64] Pin} g5 (25... Bxb5 $2 26. axb5 (26. exf6 Bxa4 27. Rxa4 Rf7 $16) 26... Nb4 27. exf6 $18) 26. exf6 gxh4 {[%emt 0:00:03] [#]} 27. Qg4+ $1 ({Weaker is} 27. Nxd6 Qxf6 28. Nxb7 Bxb7 $11) (27. Qxd6 $2 Qxd6 28. Nxd6 Rb8 $19) 27... Kh8 28. Qxh4 Bf8 29. Rg3 Qe8 $2 (29... Qd7 30. Nd4 Ne4) 30. Nd4 $2 (30. Be2 {Strongly threatening Bh5.} Ne4 31. Bh5) 30... Bd7 $2 (30... Ne4) 31. Nf3 (31. Be2 $142 Bxa4 32. Bh5) 31... Bc8 32. Ng5 {[%emt 0:00:52] Dodges Qf7} Nb4 33. f7 Rxf7 34. Nxf7+ $2 (34. Qh5 {mates} Rg7 35. Qxe8 Kg8 36. Qxc8 Nd7 37. Rxe6 Nc6 38. Rf6 {[%mdl 64] Decoy, Clearance} Nxf6 39. Qe6+ Kh8 40. Qxf6 Kg8 41. Ne6 {[%mdl 64] Pin, Double Attack} Kh8 42. Qxf8+ Rg8 43. Rxg8#) 34... Qxf7 $11 35. Be2 {[%emt 0:00:42] aiming for Bh5.} Be7 36. Qh6 Bf8 (36... Qf6 $142 37. Qxf6+ Bxf6) 37. Bh5 Qf5 (37... Bxh6 $2 38. Bxf7 Bg7 39. f5 $18) 38. Qg5 Qxg5 39. fxg5 $40 {[%emt 0:00:11][%mdl 128] White is up to no good.} ({Reject} 39. Rxg5 Be7 40. Rxc5 bxc5 $17) 39... Bg7 40. Rf3 (40. Rd1 $5 Bb7 41. Rxd6 $11) 40... Nc2 (40... Bxb2 {leads to mate.} 41. Rf8+ Kg7 42. Ref1 Bd4+ 43. Kh1) (40... Bb7 $11 {might be stronger.} 41. Rf7 Be4) 41. Ref1 (41. Rd1 $14 Bb7 42. Rf4) 41... Bd7 (41... Bd4+ $2 42. Kh1 Bg7 43. Rf8+ Bxf8 44. Rxf8+ Kg7 45. Rxc8 $18) 42. g6 ({White should play} 42. b3 $11) 42... hxg6 (42... Bxb2 43. Rf8+ Kg7 44. R1f7+ Kh6 45. Rxh7+ Kg5 46. h4+ Kxh4 47. g7 Bd4+ 48. Kh1) 43. Bxg6 Nd4 ({Black should try} 43... Bd4+ $1 $15 44. Kh1 Ne3) 44. Rf7 $1 Nc6 {[%emt 0:01:16] A dynamic duo of knights.} 45. R7f4 {[%emt 0:06:40] Rh4+ is the strong threat.} Bh6 (45... Bxb2 $11 {keeps the balance.} 46. Bc2 Ne5) 46. Rh4 $16 Kg7 47. Bb1 (47. Bc2 $16 {White wants to mate with Rg4+.} Ne5 48. b3) 47... Ne5 $11 {[%emt 0:09:08] Dodges Rg4+} 48. Rd1 Nf7 49. Rf1 {[%emt 0:01:53][%cal Of1f7] And now Rxf7+! would win.} Ne5 50. Rd1 Nf7 {[%emt 0:00:03] [#]} 51. Rf1 {[%emt 0:00:19] Black escapes into a draw.   Weighted Error Value: White=0.55/Black=0.35} (51. b3 $1 $16) 1/2-1/2